Map: Terrenos de caza

Players

MrFercho - Winner!

  • Race: Terran Terran
  • Spawn Location: 12:00

tigro

  • Race: Terran Terran
  • Spawn Location: 7:00

VOD

Have the link to the VOD?

Description

Time

  • Played on: July 29, 2019, 9:49 p.m.
  • Length: 27:58
Show
View Real Time Build Order
Export as new Build Order

MrFercho Terran - Winner!

Build Orders:  

Get SALT Encoding   

  12  0:03  SCV  
  13  0:15  SCV  
  14  0:28  SCV  
  15  1:12  Supply Depot  
  15  1:34  SCV  
  15  1:35  Supply Depot  
  15  1:37  Refinery  
  16  2:15  Barracks  
  16  2:18  Engineering Bay  
  16  2:34  Barracks  
  16  2:43  SCV  
  17  2:46  Engineering Bay  
  17  2:49  Terran Infantry Armor Level 1  
  17  2:55  SCV  
  18  2:59  Refinery  
  18  3:05  Reaper  
  19  3:07  SCV  
  20  3:19  SCV  
  21  3:32  SCV  
  22  3:38  Barracks Tech Lab x2  
  22  3:44  SCV  
  23  4:05  Orbital Command  
  25  4:10  Marauder  
  25  4:11  Reaper  
  26  4:31  Reaper  
  26  4:40  Terran Infantry Weapons Level 1  
  26  4:42  Marine  
  27  4:47  SCV  
  28  4:59  SCV  
  29  5:00  Marine  
  29  5:03  Factory  
  30  5:11  SCV  
  31  5:46  Factory  
  31  5:49  Factory Tech Lab  
  31  6:20  Command Center  
  31  6:32  Factory Tech Lab  
  31  7:09  Sensor Tower  
  31  7:31  Siege Tank x2  
  37  7:43  Sensor Tower  
  37  7:48  Supply Depot  
  37  7:49  Supply Depot  
  37  7:50  Supply Depot  
  37  7:52  Supply Depot  
  37  8:13  Supply Depot  
  37  8:14  Supply Depot  
  37  8:15  Supply Depot  
  37  8:16  Supply Depot  
  37  8:57  Armory  
  37  8:58  Refinery  
  37  8:59  SCV  
  38  9:11  SCV  
  38  9:14  Cyclone x2  
  45  9:21  Refinery  
  45  9:23  SCV  
  46  9:35  SCV  
  47  9:44  Armory  
  47  9:46  Siege Tank x2  
  47  9:48  SCV  
  54  11:12  Terran Vehicle And Ship Armor Level 1, Terran Vehicle Weapons Level 1  
  54  11:16  Terran Infantry Weapons Level 2, Terran Infantry Armor Level 2  
  36  12:14  Thor x2  
  48  12:34  SCV x2  
  50  12:43  Marauder  
  50  12:44  Marauder  
  54  12:46  SCV x2  
  56  12:57  Starport, Siege Tank x2  
  56  12:58  SCV x2  
  64  13:05  Marauder x2  
  68  13:06  Terran Ship Weapons Level 1  
  68  13:10  SCV x2  
  70  13:22  SCV x2  
  70  13:26  Marauder  
  74  13:29  Hellion x2  
  74  13:34  Starport  
  78  13:50  Starport Tech Lab  
  78  14:06  Terran Infantry Weapons Level 3  
  78  14:07  Terran Infantry Armor Level 3  
  78  14:11  Starport  
  78  14:14  Starport Tech Lab  
  78  14:50  Fusion Core  
  78  15:27  Command Center  
  78  15:36  Refinery  
  78  15:49  Weapon Refit  
  78  16:00  Refinery, Starport Tech Lab  
  78  16:01  Ghost Academy  
  90  16:04  Battlecruiser x2  
  88  17:08  Banshee x2  
  63  17:50  Banshee  
  63  17:51  Viking  
  68  17:53  Thor x2  
  80  18:16  SCV  
  81  18:21  Viking  
  83  18:28  SCV  
  84  18:36  Siege Tank  
  84  18:37  Siege Tank  
  84  18:40  SCV  
  91  18:52  SCV  
  91  18:54  Marauder  
  91  18:55  Marauder  
  96  19:05  SCV  
  96  19:08  Cyclone  
  96  19:09  Cyclone  
  103  19:15  Marine  
  103  19:16  Marauder  
  106  19:24  Supply Depot  
  106  19:25  Supply Depot x3  
  106  19:26  Supply Depot  
  106  19:33  Marine  
  106  19:37  Marine  
  108  19:40  Siege Tank  
  111  19:51  Marine  
  112  19:54  Marine  
  113  20:04  Terran Vehicle Weapons Level 2, Terran Ship Weapons Level 2  
  113  20:09  Marine  
  113  20:12  Marine  
  106  22:20  Terran Vehicle And Ship Armor Level 2  
Show
View Real Time Build Order
Export as new Build Order

tigro Terran 

Build Orders:  

Get SALT Encoding   

  12  0:09  SCV  
  14  0:21  SCV  
  14  0:38  Supply Depot  
  14  0:42  SCV  
  15  0:51  Refinery  
  15  1:00  SCV  
  16  1:12  SCV  
  17  1:22  Barracks  
  17  1:24  SCV  
  18  1:34  Refinery  
  18  1:36  SCV  
  19  1:48  SCV  
  20  2:00  SCV  
  21  2:16  Engineering Bay  
  21  2:19  Marine  
  22  2:36  Marine  
  22  2:43  Supply Depot  
  23  3:05  Marine  
  24  3:22  Marine  
  25  3:40  Marine  
  26  3:49  Command Center  
  26  4:43  Barracks Tech Lab  
  26  4:59  Terran Infantry Weapons Level 1  
  26  5:06  Combat Shield  
  26  5:20  Refinery  
  26  5:21  SCV  
  27  5:30  Orbital Command  
  27  5:33  SCV  
  28  5:38  Reaper  
  29  5:45  SCV  
  30  5:58  SCV  
  30  6:03  Refinery  
  31  6:10  Reaper, SCV  
  33  6:24  Planetary Fortress  
  33  6:42  Reaper  
  33  6:46  Stimpack  
  34  6:54  Terran Infantry Armor Level 1  
  34  7:01  Factory  
  34  7:14  Reaper  
  35  7:46  Reaper  
  36  7:53  Armory  
  36  8:05  Factory Tech Lab  
  36  8:26  Concussive Shells  
  36  8:29  Infernal Pre-Igniter  
  36  8:41  Marauder  
  38  8:48  Neosteel Armor  
  38  9:02  Marauder  
  40  9:23  Marauder  
  42  9:29  Siege Tank  
  45  9:48  Mag-Field Accelerator  
  45  9:56  Terran Vehicle Weapons Level 1  
  45  10:04  Missile Turret  
  45  10:28  Hi-Sec Auto Tracking  
  45  10:35  Supply Depot  
  45  10:43  Missile Turret  
  45  10:56  Siege Tank  
  45  10:57  Marauder  
  50  11:18  Marauder  
  52  11:30  Siege Tank  
  44  11:50  Terran Vehicle And Ship Armor Level 1  
  42  12:02  Siege Tank  
  45  12:14  Marauder  
  47  12:35  Marauder, Siege Tank  
  52  12:51  Supply Depot  
  52  12:57  Marauder, Starport  
  54  13:02  Terran Infantry Armor Level 2  
  57  13:12  Siege Tank  
  57  13:18  Marauder  
  59  13:30  Supply Depot  
  59  13:39  Marauder  
  61  13:45  Terran Ship Weapons Level 1  
  61  13:50  Starport Tech Lab  
  61  13:51  Siege Tank  
  61  13:53  Missile Turret  
  64  14:00  Marine  
  65  14:18  Marine  
  65  14:23  Siege Tank  
  69  14:34  Missile Turret  
  69  14:50  Drilling Claws  
  69  14:53  Rapid Reignition System  
  69  15:09  Fusion Core  
  69  15:17  Terran Infantry Weapons Level 2  
  69  15:32  Missile Turret  
  69  15:38  Terran Vehicle Weapons Level 2  
  69  15:50  Corvid Reactor  
  69  16:00  Supply Depot  
  69  16:08  Supply Depot, Smart Servos  
  69  16:20  Marine  
  69  16:22  Medivac, Thor  
  78  16:37  Marine  
  76  16:55  Marine  
  76  17:01  Refinery  
  77  17:04  Thor  
  83  17:08  Cloaking Field  
  83  17:13  Marine  
  73  18:24  Refinery  
  73  18:28  Hyperflight Rotors  
  73  18:56  Command Center  
  73  19:09  Supply Depot  
  73  19:30  Marine  
  74  20:08  Battlecruiser  
  43  21:51  Thor  
  41  22:02  Missile Turret  
  22  25:26  Engineering Bay  
  22  25:31  Supply Depot  
Tags
 
Matchup
TvT
Race
Terran
Replay Pack
MrFercho
Spawn Locations
Cross Positions
Add a new tag
Caveats
  • Supply blocks, unpowered buildings, or Contaminate may cause inaccurate times.
  • Supply counts are checked every 10 seconds.